 Dungeon Crawl Stone Soup version 0.30-a0-600-gb7c8574cbb (webtiles) character file.

Game seed: 8846678121070916703

7203 M4edhros the Covert (level 11, -5/75 HPs)
             Began as an Octopode Artificer on Jan 7, 2023.
             Slain by a two-headed ogre
             ... wielding a +0 giant club
              (17 damage)
             ... on level 9 of the Dungeon.
             The game lasted 00:13:02 (7101 turns).

M4edhros the Covert (Octopode Artificer)            Turns: 7101, Time: 00:13:03

Health: -5/75      AC:  6    Str: 24    XL:     11   Next: 11%
Magic:  11/11      EV: 16    Int: 13    God:
Gold:   523        SH:  6    Dex: 17    Spells: 10/10 levels left

rFire   . . .      SeeInvis +      - Unarmed
rCold   + . .      Faith    .    n - +2 buckler {rC+}
rNeg    . . .      Spirit   .    c - +1 hat
rPois   .          Reflect  .    (no amulet)
rElec   .          Harm     .    j - +4 ring of protection
rCorr   .          Rampage  .    o - ring of see invisible
Will    .....                    r - +6 ring of strength
Stlth   ++++++                   h - +6 ring of strength
HPRegen 0.32/turn                (no ring)
MPRegen 0.12/turn                (no ring)
                                 (no ring)
                                 (no ring)

@: no status effects
A: almost no armour, amphibious, 8 rings, camouflage 1, gelatinous body 1,
(nimble swimmer 1), tentacles
a: no special abilities


You were on level 9 of the Dungeon.
You visited 2 branches of the dungeon, and saw 10 of its levels.

You collected 523 gold pieces.

Inventory:

Missiles
 a - a curare-tipped dart
 b - 3 throwing nets
 g - 4 javelins
 i - 3 poisoned darts (quivered)
Armour
 c - a +1 hat (worn)
 n - a +2 buckler of cold resistance (worn)
Jewellery
 h - a +6 ring of strength (on tentacle)
 j - a +4 ring of protection (left tentacle)
 o - a ring of see invisible (right tentacle)
 r - a +6 ring of strength (on tentacle)
 x - an amulet of the acrobat
Wands
 d - a wand of charming (6)
Scrolls
 e - 4 scrolls of enchant weapon {unknown}
 f - 4 scrolls of blinking {unknown}
 l - 14 scrolls of identify {unknown}
 m - 3 scrolls of immolation {unknown}
 p - 2 scrolls of torment {unknown}
 s - 2 scrolls of teleportation {unknown}
 v - 2 scrolls of enchant armour {unknown}
 y - a scroll of amnesia {unknown}
 z - a scroll of vulnerability {unknown}
 B - a scroll of fog {unknown}
 C - a scroll of poison {unknown}
Potions
 k - 3 potions of attraction
 q - 2 potions of degeneration
 t - a potion of ambrosia {unknown}
 u - a potion of heal wounds
 w - a potion of berserk rage
 A - a potion of mutation {unknown}


   Skills:
 + Level 7.0 Fighting
 + Level 7.4 Dodging
 + Level 10.0 Stealth
 * Level 1.2 Shields
 - Level 10.0 Unarmed Combat
 - Level 7.2 Evocations


You had 10 spell levels left.
You didn't know any spells.
Your spell library contained the following spells:

 Spells                   Type           Power      Damage    Failure   Level
 Ensorcelled Hibernation  Hex/Ice        0%         N/A       52%         2
 Passwall                 Tmut/Erth      0%         N/A       52%         2
 Gell's Gravitas          Tloc           0%         N/A       77%         3
 Lesser Beckoning         Tloc           0%         N/A       77%         3
 Swiftness                Air            0%         N/A       77%         3
 Teleport Other           Tloc           0%         N/A       77%         3


Dungeon Overview and Level Annotations

Branches:
Dungeon (9/15)             Temple (1/1) D:7             Orc (0/2) D:9
   Lair: D:8-11

Altars:
Ashenzari
Dithmenos
Elyvilon
Fedhas
Hepliaklqana
Kikubaaqudgha
Makhleb
Nemelex Xobeh
Okawaru
Ru
Sif Muna
Trog
Uskayaw
Vehumet
Xom
Yredelemnul
Zin
The Shining One

Shops:
D:2 (   D:4 (

Annotations:
D:9 1 runed translucent door, confidenceinterval's ghost, novice OgWn


Innate Abilities, Weirdness & Mutations

You cannot wear most types of armour.
You are amphibious.
You can wear up to eight rings at the same time.
Your skin changes colour to match your surroundings (Stealth+).
Your rubbery body absorbs attacks. (AC +1, EV +1)
((You are camouflaged when in or above water. (Stealth+)))
You have tentacles for arms and can constrict up to eight enemies at once.


Message History

There are monsters nearby!
There are monsters nearby!
There is an open door here.
Throw: 5 darts (poison)
Press: ? - help, Q - select action, (/) - cycle Shift-Dir - straight line, f - two-headed ogre
Aim: a two-headed ogre, wielding two +0 giant clubs (77% to hit)
You throw a poisoned dart.
The poisoned dart hits the two-headed ogre.
Throw: 4 darts (poison)
Press: ? - help, Q - select action, (/) - cycle Shift-Dir - straight line, f/p - two-headed ogre
Aim: a two-headed ogre, wielding two +0 giant clubs (77% to hit)
You throw a poisoned dart.
The poisoned dart hits the two-headed ogre.
You block the two-headed ogre's attack.
The two-headed ogre hits you with a +0 giant club!!
You tentacle-slap the two-headed ogre. You squeeze the two-headed ogre.
The two-headed ogre is lightly wounded.
You tentacle-slap the two-headed ogre but do no damage.
The two-headed ogre is lightly wounded.
The two-headed ogre hits you with a +0 giant club!
The two-headed ogre closely misses you.
You tentacle-slap the two-headed ogre.
Your squeeze misses the two-headed ogre.
The two-headed ogre is lightly wounded.
You bludgeon the two-headed ogre!
Your squeeze misses the two-headed ogre.
The two-headed ogre is heavily wounded.
You block the two-headed ogre's attack.
The two-headed ogre hits you with a +0 giant club!
You tentacle-slap the two-headed ogre but do no damage.
The two-headed ogre is heavily wounded.
You bludgeon the two-headed ogre! You squeeze the two-headed ogre.
The two-headed ogre is severely wounded.
The two-headed ogre barely misses you. You block the two-headed ogre's attack.
You tentacle-slap the two-headed ogre. You squeeze the two-headed ogre.
The two-headed ogre is almost dead.
The two-headed ogre hits you with a +0 giant club!!
* * * LOW HITPOINT WARNING * * *
The two-headed ogre hits you with a +0 giant club!
You die...

####...###..########
#......# #.........#
#.#..#.# #.##......#
#....##.#..##......#
#>.#..#.##.##......#
..#..#.###.##......#
)..#..## #.#####'###
#...#..# .#. #.#
#.#.#..# . #@###
..#...## #.OZ#
#.##.#. ######(##
....#..# #.......#
..##### #.....(.# #
#.......# #
#.......# #
#.......# .........#


You could see a two-headed ogre and an ogre zombie.

Vanquished Creatures
  2 two-headed ogres
  Pikel (D:4)
  A cyclops (D:9)
  A komodo dragon (D:9)
  A shadow (D:9)
  A wyvern (D:8)
  2 steam dragons (D:6)
  Menkaure (D:4)
  A water moccasin (D:7)
  5 ice beasts
  2 sky beasts (D:7)
  2 ogres (D:6)
  A centaur (D:8)
  2 lemures (D:4)
  6 phantoms
  A kobold brigand (D:9)
  2 bullfrogs
  2 scorpions (D:6)
  2 gnoll sergeants (D:8)
  15 wights
  A troll zombie (D:9)
  6 killer bees (D:7)
  3 howler monkeys
  6 hounds
  A jelly (D:5)
  7 orc priests
  An iguana (D:5)
  2 orc wizards
  4 ogre zombies (D:9)
  6 adders
  12 gnolls
  2 ufetubi
  3 worms
  2 dart slugs
  18 orcs
  5 ball pythons
  10 endoplasms
  2 giant cockroaches
  2 goblins (D:3)
  4 hobgoblins
  15 jackals
  8 kobolds
  3 quokkas
  5 bats
  5 frilled lizards
  A goblin zombie (D:9)
  A hobgoblin skeleton (D:9)
  2 hobgoblin zombies (D:9)
  2 orc skeletons (D:9)
  11 orc zombies (D:9)
  A rat (D:3)
202 creatures vanquished.

Vanquished Creatures (collateral kills)
  An ogre (D:4)
  A phantom (D:3)
  2 necrophages
  A bullfrog (D:6)
  2 wights (D:6)
  An iguana (D:6)
  2 jackals (D:3)
10 creatures vanquished.

Vanquished Creatures (others)
  A centaur (D:6)
  An adder (D:3)
  8 fungi (D:6)
  A withered plant (D:3)
11 creatures vanquished.

Grand Total: 223 creatures vanquished

Notes
Turn   | Place    | Note
-------+----------+-------------------------------------------
     0 | D:1      | M4edhros the Octopode Artificer began the quest for the
                  | Orb.
     0 | D:1      | Reached XP level 1. HP: 13/13 MP: 1/1
    93 | D:1      | Reached skill level 1 in Unarmed Combat
    93 | D:1      | Reached XP level 2. HP: 13/18 MP: 2/2
   359 | D:1      | Reached XP level 3. HP: 23/23 MP: 3/3
   688 | D:3      | Found a faded altar of an unknown god.
   741 | D:3      | Reached XP level 4. HP: 23/29 MP: 4/4
   758 | D:3      | Noticed a phantom
   791 | D:3      | Reached XP level 5. HP: 22/34 MP: 5/5
   795 | D:3      | Killed a phantom
   801 | D:3      | Reached XP level 6. HP: 25/39 MP: 6/6
   846 | D:4      | Noticed Menkaure
   852 | D:4      | Killed Menkaure
   962 | D:4      | Reached XP level 7. HP: 44/45 MP: 7/7
  1079 | D:5      | Entered Level 5 of the Dungeon
  1406 | D:6      | Reached skill level 5 in Stealth
  1406 | D:6      | Reached skill level 5 in Evocations
  1410 | D:6      | Reached skill level 5 in Unarmed Combat
  1410 | D:6      | Reached XP level 8. HP: 9/52 MP: 8/8
  2024 | D:7      | Reached skill level 5 in Dodging
  2024 | D:7      | Reached XP level 9. HP: 53/59 MP: 9/9
  2273 | D:7      | Found a staircase to the Ecumenical Temple.
  2282 | Temple   | Entered the Ecumenical Temple
  2467 | D:6      | Reached skill level 5 in Fighting
  3261 | D:2      | Found Zeat's Weapon Emporium.
  3881 | D:4      | Noticed Pikel
  3908 | D:4      | Killed Pikel
  3909 | D:4      | Reached XP level 10. HP: 36/66 MP: 10/10
  4104 | D:4      | Found Goydyise's Antique Weapon Boutique.
  5201 | D:7      | Noticed a two-headed ogre
  5213 | D:7      | Killed a two-headed ogre
  5595 | D:8      | Noticed a two-headed ogre
  5602 | D:8      | Killed a two-headed ogre
  6467 | D:9      | Noticed a cyclops
  6481 | D:9      | Killed a cyclops
  6484 | D:9      | Reached XP level 11. HP: 41/74 MP: 11/11
  6696 | D:9      | Found a runed translucent door.
  6696 | D:9      | Noticed confidenceinterval's ghost (novice OgWn)
  6965 | D:9      | Found a staircase to the Orcish Mines.
  6970 | D:9      | Reached skill level 10 in Stealth
  6979 | D:9      | Reached skill level 1 in Shields
  6979 | D:9      | Reached skill level 10 in Unarmed Combat
  7086 | D:9      | Noticed a two-headed ogre
  7101 | D:9      | Slain by a two-headed ogre

Illustrated notes

Levels and vault maps discovered:
D:1:      minmay_arrival_wavy_path, layout_loops_ring
D:2:      kennysheep_six_static_rooms, layout_loops_cross, serial_shops,
          nicolae_square_shop
D:3:      kennysheep_goblin_castle, layout_rooms, nicolae_wu_jian_glorious_leap,
          serial_rivers, chequers_serial_rivers_room_b,
          chequers_serial_rivers_micro_c, chequers_serial_rivers_marsh,
          chequers_serial_rivers_room_a, chequers_serial_rivers_room_b,
          ebering_ecumenical_altar_petrified
D:4:      layout_basic, serial_shops, nicolae_shop_crystal, nicolae_titane,
          uniq_menkaure, uniq_pikel
D:5:      layout_basic, uniq_ijyb
D:6:      kennysheep_steamy, layout_loops_ring, kennysheep_generic_room_12
D:7:      layout_basic, minmay_temple_entry_proselytizer
D:8:      layout_rooms
D:9:      layout_roguey, zombieorc1_lemuel, gammafunk_ghost_grave
Temple:   compressed_dpeg_circular_temple

Skill      XL: |  1  2  3  4  5  6  7  8  9 10 11 |
---------------+----------------------------------+-----
Unarmed Combat | 1 2 3 5 6 8 9 10 | 10.0
Stealth        | 2 3 4 5 6 8 9 10 | 10.0
Fighting       | 2 3 4 5 6 7 |  7.0
Dodging        | 3 4 5 6 7 |  7.4
Evocations     | 4 5 6 7 |  7.2
Shields        | 1 |  1.2

Action                   |  1- 3 |  4- 6 |  7- 9 | 10-12 || total
-------------------------+-------+-------+-------+-------++-------
Melee: Unarmed           |    61 |    29 |   206 |   182 ||   478
       Constrict         |     9 |    10 |    37 |    28 ||    84
       Club              |     2 |       |       |       ||     2
       Punch             |     3 |     1 |    12 |    12 ||    28
       Tentacles         |    12 |    13 |    54 |    49 ||   128
Throw: Dart              |       |       |     5 |     7 ||    12
       Javelin           |       |       |     1 |       ||     1
Evoke: Wand              |     3 |    12 |    20 |     5 ||    40
  Use: Potion            |       |       |     7 |     7 ||    14
       Scroll            |       |       |     1 |       ||     1
 Stab: Sleeping          |     7 |       |    22 |    12 ||    41
       Distracted        |       |     1 |       |     1 ||     2
       Betrayed ally     |       |     1 |       |       ||     1
Armor: Skin              |     1 |    11 |    39 |    34 ||    85
Dodge: Dodged            |    31 |    21 |   119 |   113 ||   284
Block: Buckler           |       |       |       |    35 ||    35

Table legend: (Time is in decaauts)
 A = Elapsed time spent in this place.
 B = Non-inter-level travel time spent in this place.
 C = Inter-level travel time spent in this place.
 D = Time resting spent in this place.
 E = Time spent auto-exploring this place.
 F = Levels seen in this place.
 G = Mean time per level.
                   A        B        C        D        E       F      G
               +--------+--------+--------+--------+--------+-----+--------+
         Total |   7036 |   6450 |    586 |    212 |   4451 |  10 |  703.6 |
       Dungeon |   6967 |   6396 |    571 |    212 |   4451 |   9 |  774.1 |
        Temple |     68 |     53 |     15 |      0 |      0 |   1 |   68.0 |
               +--------+--------+--------+--------+--------+-----+--------+

Top non-repeatable levels by time:
     D:6: 1049 daAuts
     D:8: 941 daAuts
     D:5: 872 daAuts
     D:1: 806 daAuts
     D:4: 805 daAuts
     D:7: 779 daAuts
     D:2: 736 daAuts
     D:9: 637 daAuts
     D:3: 339 daAuts
  Temple: 68 daAuts
